 Dungeon Crawl Stone Soup version 0.22-a0-266-g5fdf0d7 (webtiles) character file.

6078 matakusis the Summoner (level 10, -1/45 HPs)
             Began as a Deep Elf Summoner on Mar 8, 2018.
             Was a Priest of Hepliaklqana.
             Killed by divine providence
             ... invoked by an orc priest
              (13 damage)
             ... on level 11 of the Dungeon.
             The game lasted 01:00:21 (10351 turns).

matakusis the Summoner (Deep Elf Summoner)         Turns: 10351, Time: 01:00:23

Health: -1/45      AC:  6    Str:  5      XL:     10   Next: 57%
Magic:  4/28       EV: 14    Int: 19 (20) God:    Hepliaklqana [***...]
Gold:   256        SH:  0    Dex: 29      Spells: 19/33 levels left

rFire    + + .     SeeInvis +   x - +0 shortbow (velocity)
rCold    + + .     Gourm    .   (shield currently unavailable)
rNeg     . . .     Faith    .   l - +1 robe {rC+ rF+}
rPois    .         Spirit   .   i - +0 hat
rElec    .         Reflect  .   H - scarf {rC+ rF+}
rCorr    +         Harm     .   (no gloves)
MR       +....                  A - +2 pair of boots "Roesesih" {Int-4 Dex+7 Slay+2 SInv}
Stlth    +++.......             f - amulet of magic regeneration
HPRegen  0.15/turn              w - +5 ring of dexterity
MPRegen  0.46/turn              F - ring of resist corrosion

@: very slightly contaminated
A: reduced essence, antennae 1, hooves 1, agile 1, deterioration 1
a: Recall Ancestor, Ancestor Identity, Transference, Renounce Religion


You were on level 11 of the Dungeon.
You worshipped Hepliaklqana.
Hepliaklqana was most pleased with you.
You were hungry.

You visited 2 branches of the dungeon, and saw 12 of its levels.
You also visited: Ossuary.

You collected 865 gold pieces.
You spent 609 gold pieces at shops.

Inventory:

Hand Weapons
 x - a +0 shortbow of velocity (weapon)
Missiles
 j - 148 arrows (quivered)
Armour
 i - a +0 hat (worn)
 l - a +1 robe of resistance (worn)
 A - the +2 pair of boots "Roesesih" (worn) {Int-4 Dex+7 Slay+2 SInv}
   (You bought it in a shop on level 7 of the Dungeon)

   It affects your intelligence (-4).
   It affects your dexterity (+7).
   It affects your accuracy and damage with ranged weapons and melee attacks
   (+2).
   It lets you see invisible.
 C - a +0 troll leather armour
 E - the +9 ring mail "Nojyer" {Int+2 Dex+8 SInv}
   (You took it off an orc on level 9 of the Dungeon)

   It affects your intelligence (+2).
   It affects your dexterity (+8).
   It lets you see invisible.
 H - a scarf of resistance (worn)
Jewellery
 f - an amulet of magic regeneration (around neck)
 w - a +5 ring of dexterity (left hand)
 y - an uncursed ring of flight
 F - a ring of resist corrosion (right hand)
Wands
 a - a wand of acid (19)
 n - a wand of paralysis (29)
 u - a wand of polymorph (20)
 G - a wand of scattershot (5)
 I - a wand of random effects (29)
Scrolls
 g - 6 scrolls of remove curse
 k - 8 scrolls of teleportation
 q - a scroll of amnesia
 r - 4 scrolls of fear
 s - 2 scrolls of enchant weapon
 t - a scroll of blinking
 z - 2 scrolls of fog
Potions
 b - 4 potions of might
 d - 7 potions of curing
 e - 6 potions of agility
 h - a potion of haste
 o - a potion of heal wounds
 p - 3 potions of lignification
 B - 2 potions of magic
 D - 2 potions of flight
Comestibles
 c - 19 rations


   Skills:
 - Level 1.5 Bows
 - Level 2.4 Dodging
 - Level 2.4 Stealth
 + Level 12.2 Spellcasting
 + Level 12.8 Summonings
 - Level 5.1 Ice Magic
 - Level 1.1 Air Magic
 * Level 3.5 Poison Magic


You had 19 spell levels left.
You knew the following spells:

 Your Spells              Type           Power        Failure   Level  Hunger
a - Olgreb's Toxic Radia  Pois           ###.....     14%         4    #......
b - Call Imp              Summ           ######..     1%          2    None
c - Summon Ice Beast      Ice/Summ       #####...     1%          4    #......
d - Summon Lightning Spi  Summ/Air       #####...     3%          4    #......


Dungeon Overview and Level Annotations

Branches:
Dungeon (11/15)            Temple (1/1) D:6            Lair (0/6) D:11
    Orc (0/2) D:10

Altars:
Ashenzari
Cheibriados
Dithmenos
Elyvilon
Fedhas
Gozag
Hepliaklqana
Kikubaaqudgha
Makhleb
Nemelex Xobeh
Okawaru
Qazlal
Ru
Sif Muna
Trog
Uskayaw
Vehumet
Wu Jian
Xom
Yredelemnul
Zin
The Shining One
Beogh

Shops:
D:4 :   D:7 [   D:9 }   D:10 (


Innate Abilities, Weirdness & Mutations

Your life essence is reduced to manifest your ancestor. (-10% HP)
You have a pair of small antennae on your head.
You have large cloven feet.
You are agile. (Dex +2)
Your body sometimes deteriorates upon taking damage.


Message History

The orc priest looks more healthy.
Your ice beast hits the warg.
Your ice beast freezes the warg!
The warg bites your ice beast!
Zola hits the warg with a dagger of draining.
The warg bites Zola!
What are your orders? t - Shout!
Orders for allies: a - Attack new target. r - Retreat! s - Stop attacking. g - Guard the area. f - Follow me.
Anything else - Cancel.
Gang up on whom?
Press: ? - help, Dir - move target cursor, f - orc priest
Aim: an orc priest, wielding a short sword (heavily wounded) Attack!
The warg bites your ice beast.
The warg bites Zola!
Your ice beast completely misses the orc priest.
Zola closely misses the warg.
Your ice beast struggles to resist.
The orc priest invokes the aid of Beogh against you.
Beogh smites you!
You die...

*,,,,,,,..#..,,,,,,,,,,,,,,,,,,,,
*,,,,,,,..#?#******,**,*,,,*,**,*
,,,,,,,,.....,,,,,,,,,,*,#**,**,*
********#.#.#*****,,,,,*..**,**,*
#.#.# *,***#...,,*****
#.#.#####****!.../,,,,**
#########.#.....####..P...,,,,,**
..........).)<....h8)Y.)..,,,,,,*
###########)....@..Rho...>,,,,,,,
#..........#YO.)...,,,,,,,
#....###+####......,,,,,*, #....#
*,****#.....,,,,*** *******#....#
*,,,,**##...,,*****
*,,,,,....#.#*******,,,#..**,,*,*
*,,,,.....#..,,,,,,,,,,*..**,,*,*
*,,,,.....###*******,,,*,,,,,,*,,
*,,,,,,,,,**********,,**,,,*,**,,


You could see the friendly Zola the hexer, 2 wargs, an ogre, an orc priest, 2
friendly ice beasts and a friendly lightning spire.

Vanquished Creatures
  A yak (D:10)
  A sky beast (D:9)
  2 hounds
  2 worker ants
  An ooze (D:6)
  4 orcs
  2 giant cockroaches
  A quokka (D:6)
  3 bats
  2 kobolds (D:3)
19 creatures vanquished.

Vanquished Creatures (collateral kills)
  Josephine (D:11)
  Harold (D:10)
  The ghost of anet the Jinx, a journeyman DEWz of Ashenzari (D:8)
  Urug (D:11)
  Pikel (D:8)
  Psyche (D:8)
  A troll (D:9)
  A merfolk (D:9)
  3 hippogriffs
  2 yaks (D:10)
  4 wraiths (D:11)
  The ghost of p0werm0de the Skirmisher, an amateur DsHu (D:3)
  The ghost of Tovarisch the Stinger, an amateur NaVM of Sif Muna (D:4)
  A steam dragon (D:9)
  A warg (D:11)
  2 black bears
  3 orc warriors
  2 ice beasts
  2 sky beasts
  A phantom (D:5)
  2 necrophages
  3 centaurs
  3 ogres (D:7)
  2 bullfrogs
  6 scorpions
  6 killer bees (D:9)
  11 wights
  7 howler monkeys
  A crimson imp (D:9)
  A bullfrog zombie (D:7)
  A bullfrog skeleton (D:9)
  A hound (D:8)
  2 jellies (D:5)
  A centaur skeleton (D:4)
  5 orc priests
  9 worker ants
  2 iguanas
  9 orc wizards
  A killer bee zombie (D:6)
  2 big kobold zombies (Ossuary)
  A hound skeleton (D:4)
  A worker ant zombie (D:6)
  8 mummies (Ossuary)
  11 adders
  3 gnolls (D:3)
  A howler monkey skeleton (D:9)
  2 shadow imps
  3 adder zombies
  2 worms
  A dart slug (D:3)
  4 leopard geckos
  63 orcs
  2 giant cockroaches
  2 gnoll zombies (Ossuary)
  5 goblins
  8 hobgoblins
  14 jackals
  5 kobolds
  3 quokkas
  2 ball pythons
  10 bats
  4 frilled lizards
  3 hobgoblin zombies (Ossuary)
  A kobold zombie (Ossuary)
  A quokka zombie (D:7)
  3 rats
269 creatures vanquished.

Grand Total: 288 creatures vanquished

Notes
Turn   | Place    | Note
-------+----------+-------------------------------------------
     0 | D:1      | matakusis the Deep Elf Summoner began the quest for the Orb.
     0 | D:1      | Reached XP level 1. HP: 10/10 MP: 6/6
   255 | D:1      | Reached XP level 2. HP: 14/15 MP: 6/8
   259 | D:1      | Learned a level 2 spell: Call Imp
   549 | D:1      | Reached skill level 5 in Summonings
   939 | D:2      | Reached XP level 3. HP: 16/19 MP: 6/10
  1246 | D:2      | Found an opulent altar of Gozag.
  1954 | D:3      | Reached XP level 4. HP: 18/24 MP: 9/12
  1968 | D:3      | Learned a level 4 spell: Summon Ice Beast
  1973 | D:3      | Learned a level 4 spell: Summon Lightning Spire
  1984 | D:3      | Found a faded altar of an unknown god.
  2325 | D:3      | Found a blossoming altar of Fedhas.
  2364 | D:3      | Found a shattered altar of Ashenzari.
  2470 | D:3      | Noticed p0werm0de's ghost (amateur DsHu)
  2482 | D:3      | Killed p0werm0de's ghost
  2482 | D:3      | Reached XP level 5. HP: 28/28 MP: 5/14
  2689 | D:4      | Reached skill level 5 in Spellcasting
  2812 | D:4      | Reached XP level 6. HP: 28/32 MP: 10/15
  2841 | D:4      | Found a basalt altar of Yredelemnul.
  3478 | D:4      | Found Faiza's Book Shoppe.
  3747 | D:4      | Noticed Tovarisch's ghost (amateur NaVM)
  3756 | D:4      | Killed Tovarisch's ghost
  3756 | D:4      | Reached skill level 1 in Ice Magic
  3809 | D:5      | Entered Level 5 of the Dungeon
  4080 | D:5      | Found a hazy altar of Hepliaklqana.
  4080 | D:5      | Found a deep blue altar of Sif Muna.
  4103 | D:5      | Became a worshipper of Hepliaklqana the Forgotten
  4178 | D:5      | Found a burning altar of Makhleb.
  4224 | D:5      | Reached skill level 1 in Air Magic
  4836 | D:5      | Noticed an air elemental
  4839 | D:5      | Found a stormy altar of Qazlal.
  4840 | D:5      | Noticed a water elemental
  4840 | D:5      | Noticed a fire elemental
  5173 | D:5      | Reached XP level 7. HP: 32/32 MP: 11/18
  5501 | D:6      | Reached * piety under Hepliaklqana
  5673 | D:6      | Found a staircase to the Ecumenical Temple.
  5701 | Temple   | Entered the Ecumenical Temple
  6392 | D:7      | Noticed a hippogriff
  6397 | D:7      | Killed a hippogriff
  6397 | D:7      | Reached XP level 8. HP: 16/36 MP: 8/21
  6582 | D:7      | Found a hide-covered altar of Uskayaw.
  6735 | D:7      | Noticed a hippogriff
  6743 | D:7      | Killed a hippogriff
  6759 | D:7      | Reached ** piety under Hepliaklqana
  6762 | D:7      | Remembered your ancestor Zola as a hexer
  7150 | D:7      | Found Seshufau's Antique Armour Boutique.
  7182 | D:7      | Bought a pair of encrusted boots for 209 gold pieces
  7187 | D:7      | Identified the +2 pair of boots "Roesesih" {Int-4 Dex+7 Slay+2 SInv} (You bought it in a shop on level 7 of the Dungeon)
  7226 | D:8      | Noticed a hippogriff
  7231 | D:8      | Noticed anet's ghost (journeyman DEWz)
  7238 | D:8      | Killed a hippogriff
  7263 | D:8      | Killed anet's ghost
  7263 | D:8      | Reached skill level 1 in Bows
  7263 | D:8      | Reached skill level 10 in Summonings
  7285 | D:8      | Reached XP level 9. HP: 36/40 MP: 11/24
  7307 | D:8      | Found a snail-covered altar of Cheibriados.
  7434 | D:8      | Found a sand-covered staircase.
  7443 | Ossuary  | Entered an ossuary
  7688 | D:8      | Noticed Psyche
  7698 | D:8      | Killed Psyche
  7894 | D:8      | Noticed Pikel
  7906 | D:8      | Killed Pikel
  8326 | D:9      | Reached skill level 10 in Spellcasting
  8398 | D:9      | Noticed a troll
  8405 | D:9      | Killed a troll
  8418 | D:9      | Noticed a merfolk
  8424 | D:9      | Killed a merfolk
  8549 | D:9      | Reached skill level 5 in Ice Magic
  8579 | D:9      | Reached *** piety under Hepliaklqana
  8623 | D:9      | Found a shimmering altar of Xom.
  8689 | D:9      | Found a bloodstained altar of Trog.
  8708 | D:9      | Got a shimmering ring mail
  8719 | D:9      | Identified the +9 ring mail "Nojyer" {Int+2 Dex+8 SInv} (You took it off an orc on level 9 of the Dungeon)
  8766 | D:9      | Found Niog Xuwkot's Gadget Emporium.
  9223 | D:4      | Bought a Young Poisoner's Handbook for 400 gold pieces
  9231 | D:4      | Learned a level 4 spell: Olgreb's Toxic Radiance
  9431 | D:10     | Entered Level 10 of the Dungeon
  9431 | D:10     | Noticed Harold
  9451 | D:10     | Killed Harold
  9451 | D:10     | Reached skill level 1 in Poison Magic
  9451 | D:10     | Reached XP level 10. HP: 11/45 MP: 17/26
  9857 | D:10     | Found Siuculipt's Weapon Shop.
  9885 | D:10     | Found a roughly hewn altar of Beogh.
 10122 | D:10     | Gained mutation: Your body sometimes deteriorates upon taking damage. [potion of mutation]
 10122 | D:10     | Gained mutation: You are agile. (Dex +2) [potion of mutation]
 10122 | D:10     | Gained mutation: You have a pair of small antennae on your head. [potion of mutation]
 10122 | D:10     | Gained mutation: You have large cloven feet. [potion of mutation]
 10160 | D:10     | Found a staircase to the Orcish Mines.
 10219 | D:11     | Noticed Urug
 10238 | D:11     | Killed Urug
 10239 | D:11     | Noticed Josephine
 10246 | D:11     | Killed Josephine
 10340 | D:11     | Found a staircase to the Lair.
 10351 | D:11     | Killed from afar by an orc priest

Vault maps used:
D:1:      dpeg_arrival_chambers_temple_mockup, st_stairs_4, interstate_on_off,
          minmay_misc_feat_ornament, minmay_crystal_water
D:2:      nicolae_overflow_hidden_temple, minivault_25
D:3:      overflow_temple_1_default, evilmike_ruin_ashenzari,
          chequers_ecumenical_altar_island, first_ration
D:4:      overflow_temple_1_default, serial_shops, shop, minmay_splitting_lines
D:5:      nicolae_qazlal_style_of_elements, old_standard_altar,
          grunt_temple_overflow_open
D:6:      temple_green, serial_park_tiny_1
D:7:      kennysheep_little_box, serial_shops, shop
D:8:      old_standard_altar, lightli_ossuary_entry_decrepit_ruins, uniq_psyche,
          uniq_pikel
D:9:      nicolae_overflow_crystal_walls, old_standard_altar, serial_shops,
          kennysheep_mini_moat, hangedman_fish_farm, kb_rosetta
D:10:     orc_0_dummy, serial_corexii_hall, corexii_hall_statues_x,
          corexii_hall_statues_s, serial_shops, shop, special_room, uniq_harold
D:11:     erik_lair_orcish_takeover, enter_bailey_3, uniq_josephine, uniq_urug
Temple:   zaba_magenta_temple
Ossuary:  ossuary_tomb_3

Skill      XL: |  1  2  3  4  5  6  7  8  9 10 |
---------------+-------------------------------+-----
Summonings     | 5 6 7 8 10 12 | 12.8
Spellcasting   | 4 5 6 7 9 10 12 | 12.2
Ice Magic      | 1 2 4 5 |  5.1
Air Magic      | 1 |  1.1
Bows           | 1 |  1.5
Poison Magic   | 1 3 |  3.5
Dodging        | |  2.4
Stealth        | |  2.4

Action                   |  1- 3 |  4- 6 |  7- 9 | 10-12 || total
-------------------------+-------+-------+-------+-------++-------
Melee: Whip              |     8 |       |       |       ||     8
       Dagger            |    15 |    31 |    18 |       ||    64
 Fire: Shortbow          |       |       |    16 |     2 ||    18
 Cast: Summon Small Mamm |    20 |       |       |       ||    20
       Call Imp          |    38 |    10 |       |       ||    48
       Summon Lightning  |       |    21 |    59 |    14 ||    94
       Summon Ice Beast  |       |    20 |    62 |    14 ||    96
       Olgreb's Toxic Ra |       |       |       |     5 ||     5
Invok: Ancestor Life: He |       |       |     1 |       ||     1
       Recall Ancestor   |       |       |     3 |       ||     3
  Use: Scroll            |     7 |     7 |     8 |     2 ||    24
       Potion            |       |       |     4 |     1 ||     5
 Stab: Sleeping          |     1 |       |     1 |       ||     2
       Distracted        |       |       |     1 |       ||     1
  Eat: Chunk             |     3 |    14 |    20 |     1 ||    38
       Ration            |       |     1 |       |     1 ||     2
Armor: Robe              |    11 |    14 |    14 |       ||    39
       Ring mail         |       |       |     2 |       ||     2
Dodge: Dodged            |    52 |    52 |    42 |     7 ||   153

Table legend:
 A = Spawn XP
 B = Non-spawn XP
 C = Spawn XP percentage of total XP
 D = Spawn monster count
 E = Non-spawn monster count
 F = Spawn count percentage of total count
 G = Total turns spent on level
                    A         B        C        D         E        F      G
               +---------+---------+-------+---------+---------+-------+---------
         Total |       0 |    8684 |   0.0 |       0 |     288 |   0.0 | 10351
               +---------+---------+-------+---------+---------+-------+---------
           D:1 |       0 |      21 |   0.0 |       0 |      19 |   0.0 |   801
           D:2 |       0 |      45 |   0.0 |       0 |      18 |   0.0 |   791
           D:3 |       0 |     181 |   0.0 |       0 |      29 |   0.0 |   989
           D:4 |       0 |     271 |   0.0 |       0 |      20 |   0.0 |  1327
           D:5 |       0 |     258 |   0.0 |       0 |      21 |   0.0 |  1447
           D:6 |       0 |     279 |   0.0 |       0 |      17 |   0.0 |   852
           D:7 |       0 |     971 |   0.0 |       0 |      28 |   0.0 |  1166
           D:8 |       0 |    1863 |   0.0 |       0 |      33 |   0.0 |   632
           D:9 |       0 |    1282 |   0.0 |       0 |      35 |   0.0 |  1137
          D:10 |       0 |    1234 |   0.0 |       0 |      29 |   0.0 |   786
          D:11 |       0 |    2177 |   0.0 |       0 |      23 |   0.0 |   134
       Ossuary |       0 |     102 |   0.0 |       0 |      16 |   0.0 |   211
               +---------+---------+-------+---------+---------+-------+---------
